Workbook
Name _Toc150858584: 'Tabelas Estudo'!$B$7
Name _Toc150858588: 'Tabelas Estudo'!$B$18
Name _Toc150858590: 'Tabelas Estudo'!$B$27
Name _Toc150858599: 'Tabelas Estudo'!$B$33
Name _Toc150858605: 'Tabelas Estudo'!$B$45
Name _Toc150858606: 'Tabelas Estudo'!$B$51
Name _Toc150858607: 'Tabelas Estudo'!$B$85
Name _Toc150858612: 'Tabelas Estudo'!#REF!

Sheet Home

Sheet Dados Cadastrais
A1: FICHA CADASTRAL DA EMPRESA
A2: Pregão Nº | D2: Processo nº | J2: Sim
A3: DADOS CADASTRAIS | J3: Não
A4: CNPJ
A5: Razão Social
A6: Endereço
A7: Bairro | D7: Cidade | G7: UF
A8: CEP | C8: Telefone
A9: e-mail
A10: REPRESENTANTE(S) DA EMPRESA
A11: CPF | B11: Nome | C11: e-mail | E11: Telefone | F11: Sócio Administrador? | G11: Signatário do Contrato?
F12: (sim/não) | G12: (sim/não)
A19: Local | B19: Data | C19: Assinatura

Sheet Indicadores Financeiros
A1: DADOS DA EMPRESA | M1: Não | N1: Incidência cumulativa de PIS e de COFINS
A2: CNPJ | F2: =IF('Dados Cadastrais'!B4=0,"",'Dados Cadastrais'!B4) | M2: Sim | N2: Incidência não-cumulativa de PIS e de COFINS
A3: Razão Social | F3: =IF('Dados Cadastrais'!B5=0,"",'Dados Cadastrais'!B5)
A4: Sindicato da Categoria | I4: Data Base
A5: Fornecimento de cesta básica aos funcionários? (sim/não) | F5: Sim
A6: Regime Tributário | F6: Incidência não-cumulativa de PIS e de COFINS
A7: SAT (RATxFAP) (%)
A8: Despesas Administrativas(%)
A9: Lucro Bruto (%)
A10: COFINS
A11: PIS
A12: Desoneração da folha (%)
A13: Vigência Contratual | F13: 24 | G13: meses
A15: Módulo I - Encargos previdenciários e FGTS | J15: Percentual
A16: 1 | B16: Previdência Social | J16: =IF($F$12>0%,0,20%) -> 0.2
A17: 2 | B17: SESI/SESC | J17: =IF($F$6="Simples Nacional",0,IF($F$6<>"",1.5%,"Informar regime tributário")) -> 0.015
A18: 3 | B18: SENAI/SENAC | J18: =IF($F$6="Simples Nacional",0,IF($F$6<>"",1%,"Informar regime tributário")) -> 0.01
A19: 4 | B19: INCRA | J19: =IF($F$6="Simples Nacional",0,IF($F$6<>"",0.2%,"Informar regime tributário")) -> 0.002
A20: 5 | B20: Salário Educação | J20: =IF($F$6="Simples Nacional",0,IF($F$6<>"",2.5%,"Informar regime tributário")) -> 0.025
A21: 6 | B21: FGTS | J21: 0.08
A22: 7 | B22: SAT (RAT X FAP) | J22: =IF(A7=0,"Informar SAT",$F$7) -> 0
A23: 8 | B23: SEBRAE | J23: =IF($F$6="Simples Nacional",0,IF($F$6<>"",0.6%,"Informar regime tributário")) -> 0.006
A24: Total Módulo I | J24: =SUM(J16:J23) -> 0.338
A26: Módulo II - 13º Salário e Adicional de Férias
A27: 1 | B27: 13º salário | J27: =ROUND(5/56,4) -> 0.0893
A28: 2 | B28: Abono de férias | J28: =ROUND(J27/3,4) -> 0.0298
A29: 3 | B29: Encargos sociais incidentes | J29: =ROUND((J27+J28)*J24,4) -> 0.0403
A30: Total Módulo II | J30: =SUM(J27:J29) -> 0.1594
A32: Módulo III - Afastamento Maternidade
A33: 1 | B33: Encargos sociais incidentes sobre Afastamento Maternidade | J33: =ROUND(((120*0.6814*0.4093*0.7488*4.035%)/222.0226)*J21,4) -> 0.0004
A34: Total Módulo III | J34: =J33 -> 0.0004
A36: Módulo IV - Provisão para Rescisão
A37: 1 | B37: Aviso prévio indenizado | J37: =ROUND((98%*21.7429%*33)/222.0226,4) -> 0.0317
A38: 2 | B38: Incidência FGTS sobre o aviso prévio indenizado | J38: =ROUND(J37*$J$21,4) -> 0.0025
A39: 3 | B39: Multa FGTS sobre o aviso prévio indenizado | J39: =ROUND(J38*40%,4) -> 0.001
A40: 4 | B40: Aviso prévio trabalhado | J40: =ROUND((2%*7*21.743%*0.6814)/222.0226,4) -> 0.0001
A41: 5 | B41: Encargos sociais incidentes sobre aviso prévio trabalhado | J41: =ROUND(J40*$J$24,4) -> 0
A42: 6 | B42: Multa FGTS sobre o aviso prévio trabalhado | J42: =ROUND(J40*8%*40%,4) -> 0
A43: 7 | B43: Indenização Adicional | J43: =ROUND((1%*(1/12)),4) -> 0.0008
A44: 8 | B44: Multa FGTS sobre depósitos de FGTS | J44: =ROUND((40%*8%*21.743%*(1+(J27+J28+J54+J55+J56+J57+J58+0.46%))),5) -> 0.00861
A45: Total Módulo IV | J45: =SUM(J37:J44) -> 0.04471
A47: Módulo V - Multa de FGTS
A48: 1 | B48: Remuneração | J48: =ROUND(1*8%*40%*90%,4) -> 0.0288
A49: 2 | B49: Férias + Adicional de Férias | J49: =ROUND(($J$27+$J$28)*8%*40%*90%,4) -> 0.0034
A50: 3 | B50: 13º Salário | J50: =ROUND(J27*8%*40%*90%,4) -> 0.0026
A51: Total Módulo V | J51: =SUM(J48:J50) -> 0.0348
A53: Módulo VI - Custo de Reposição do Profissional Ausente
A54: 1 | B54: Férias | J54: =J27 -> 0.0893
A55: 2 | B55: Auxílio doença | J55: =ROUND((5*0.6814)/222.0226,4) -> 0.0153
A56: 3 | B56: Licença paternidade | J56: =ROUND((5*0.6814*59.0714%*99.8651%*4.035%)/222.0226,4) -> 0.0004
A57: 4 | B57: Faltas legais | J57: =ROUND(2.01/222.0226,4) -> 0.0091
A58: 5 | B58: Acidente de trabalho | J58: =ROUND((15*0.6814*0.611%)/222.0226,4) -> 0.0003
A59: 6 | B59: Encargos sociais incidentes | J59: =ROUND(SUM(J54:J58)*$J$24,4) -> 0.0387
A60: Total Módulo VI | J60: =SUM(J54:J59) -> 0.1531
A62: Total dos Encargos Sociais e Trabalhistas | J62: =J60+J51+J45+J34+J30+J24 -> 0.73041
A64: PERCENTUAIS DE CONTIGENCIAMENTO MENSAL DE ENCARGOS TRABALHISTAS
A65: 1 | B65: 13º Salário | J65: =$J$27 -> 0.0893
A66: 2 | B66: Férias | J66: =$J$54 -> 0.0893
A67: 3 | B67: Abono de Férias | J67: =$J$28 -> 0.0298
A68: 4 | B68: Incidência de encargos trabalhistas: percentual total do Módulo I s/ os itens 1, 2 e 3 | I68: =$J$24 -> 0.338 | J68: =ROUND($I$68*SUM($J$65:$J$67),4) -> 0.0704
A69: 5 | B69: Multa FGTS | J69: =$J$51 -> 0.0348
A70: Percentual a ser contingenciado - Resolução CNJ nº 651/2025 | J70: =SUM(J65:J69) -> 0.3136
A72: PARÂMETROS DE CÁLCULO
A73: 1 | B73: Dias estimados - posto de 8 horas segunda-feira a domingo | J73: 29.03
A74: 2 | B74: Dias úteis estimados - posto de 44 horas semanais segunda-feira a sexta-feira | J74: 20.75
A75: 3 | B75: Dias estimados - posto de 8 horas segunda-feira a domingo - cálculo do posto/dia | J75: 31
A76: 4 | B76: Dias úteis estimados - posto de 44 horas semanais segunda-feira a sexta-feira - cálculo posto/dia | J76: 21
A77: 5 | B77: Base de cálculo mensal para o repositor - posto de 8 horas segunda-feira a domingo | J77: =ROUND(1/180.99*24.68,6) -> 0.136361
A78: 6 | B78: Base de cálculo mensal para o repositor - posto de 44 horas semanais segunda-feira a sexta | J78: =ROUND(1/182.6*J74,6) -> 0.113636
A80: VALORES REFERENCIAIS - CONVENÇÃO COLETIVA DA CATEGORIA - R$
A81: Remuneração
A82: 1 | B82: Salário base Mensal
A83: Benefícios
A84: 1 | B84: Assistência médica | F84: Valor Mensal | H84: Parte do Empregado | I84: 0 | J84: =G84-I84 -> 0
A85: 2 | B85: Auxílio Creche
A86: 3 | B86: Cesta básica | F86: Valor Mensal | H86: Parte do Empregado | I86: 0 | J86: =G86-I86 -> 0
A87: 4 | B87: Benefício Social Familiar
A88: 5 | B88: Dia do Trabalhador
A89: 6 | B89: Norma Regulamentadora Nº 07
A90: 7 | B90: Outros (especificar)
A91: 8 | B91: Vale refeição /ticket refeição | F91: Valor diário | H91: Parte do Empregado | J91: =G91-I91 -> 0
A92: 9 | B92: Cesta básica II | F92: Valor Mensal | H92: Coeficiente de Assiduidade | I92: 0.88 | J92: =G92*I92 -> 0
A94: RELAÇÃO DE POSTOS DE PORTARIA
A95: Código | B95: Função | C95: Unidade | E95: Cobertura intervalo intrajornada (repositor) | F95: Qtde de Funcionários por posto | H95: Equipamentos - Valor mensal por funcionário | I95: Uniformes - Valor mensal por funcionário
A96: 680019 | B96: Porteiro/Controlador de Acesso - com almocista (repositor) - 08 horas diárias - diurno - segunda a domingo | C96: Posto/Dia | E96: =J77 -> 0.136361 | F96: 1.29
A97: 680020 | B97: Porteiro/Controlador de Acesso - com almocista (repositor) - 44 horas semanais - diurno - segunda a sexta | C97: Posto/Dia | E97: =J78 -> 0.113636 | F97: 1
A99: MUNICÍPIOS DE PRESTAÇÃO DE SERVIÇOS
A100: Agrupador | B100: Local | G100: ISSQN | H100: BDI * | I100: Vale Transporte - (Ida e Volta) | J100: Mês de inicio da Prestação do Serviço
A101: 1 | B101: Fórum Regional do Butantã | G101: 0.02 | H101: =ROUND((1+$F$8)*(1+$F$9)/(1-$F$11-$F$10-$F$12-$G101)-1,4) -> 0.0204 | J101: 1
A102: 2 | B102: Fórum Criminal Complexo Judiciário Ministro Mário Guimarães | G102: 0.02 | H102: =ROUND((1+$F$8)*(1+$F$9)/(1-$F$11-$F$10-$F$12-$G102)-1,4) -> 0.0204 | J102: 1
A103: 3 | B103: Fórum Regional do Ipiranga | G103: 0.02 | H103: =ROUND((1+$F$8)*(1+$F$9)/(1-$F$11-$F$10-$F$12-$G103)-1,4) -> 0.0204 | J103: 1
A104: 4 | B104: Fórum Regional do Jabaquara | G104: 0.02 | H104: =ROUND((1+$F$8)*(1+$F$9)/(1-$F$11-$F$10-$F$12-$G104)-1,4) -> 0.0204 | J104: 1
A105: 5 | B105: Fórum Regional da Lapa | G105: 0.02 | H105: =ROUND((1+$F$8)*(1+$F$9)/(1-$F$11-$F$10-$F$12-$G105)-1,4) -> 0.0204 | J105: 1
A106: 6 | B106: Fórum Regional de Pinheiros | G106: 0.02 | H106: =ROUND((1+$F$8)*(1+$F$9)/(1-$F$11-$F$10-$F$12-$G106)-1,4) -> 0.0204 | J106: 1
A107: 7 | B107: Fórum Regional de Santo Amaro - Adolfo Pinheiro | G107: 0.02 | H107: =ROUND((1+$F$8)*(1+$F$9)/(1-$F$11-$F$10-$F$12-$G107)-1,4) -> 0.0204 | J107: 1
A108: 8 | B108: Fórum Regional de Santo Amaro - Alexandre Dumas | G108: 0.02 | H108: =ROUND((1+$F$8)*(1+$F$9)/(1-$F$11-$F$10-$F$12-$G108)-1,4) -> 0.0204 | J108: 1
A109: 9 | B109: Fórum Regional de Santo Amaro - Nações Unidas | G109: 0.02 | H109: =ROUND((1+$F$8)*(1+$F$9)/(1-$F$11-$F$10-$F$12-$G109)-1,4) -> 0.0204 | J109: 1
A111: *Fórmula BDI sem desoneração = (1+taxa_adm) x (1+taxa_lucro) / (1-%PIS-%COFINS-%ISS) -1
A112: Fórmula BDI com desoneração = (1+taxa_adm) x (1+taxa_lucro) / (1-%PIS-%COFINS-%ISS-%Desoneração) -1

Sheet Relatório Custo
A1: Agrupador | B1: Localidade | C1: Código | D1: Função | E1: Unidade | F1: Mês de início | G1: Qtde de Funcionários por Posto | H1: Dias estimados por mês | I1: Dias estimados por mês - cálculo posto/dia | J1: Qtde de Postos | K1: Qtde de dias por mês | L1: Valor mensal por funcionário | S1: Valor unitário posto | T1: Valor unitário posto/dia | U1: BDI | V1: Valor unit. mensal do posto/dia | W1: Valor Total Mensal | X1: Valor Total período contratual | Z1: Remuneração Total | AA1: Percentual Resol. CNJ nº 651/25 | AB1: Valor Mensal a Contigenciar | AD1: Desconto - recesso forense | AE1: Desconto de atraso por minuto (R$)
L2: Remuneração | M2: Folguista | N2: Encargos | O2: Benefícios | P2: Equipamentos, Complementos e Uniformes | Q2: Cobertura do Intervalo intrajornada | R2: Valor Mensal
A3: 1 | B3: =VLOOKUP($A3,'Indicadores Financeiros'!$A$101:$J$210,2,FALSE) -> Fórum Regional do Butantã | C3: 680020 | D3: =VLOOKUP($C3,'Indicadores Financeiros'!$A$96:$J$97,2,FALSE) -> Porteiro/Controlador de Acesso - com almocista (repositor) - 44 horas semanais - diurno - segunda a sexta | E3: =VLOOKUP($C3,'Indicadores Financeiros'!$A$96:$M$97,3,FALSE) -> Posto/Dia | F3: =VLOOKUP($A3,'Indicadores Financeiros'!$A$101:$J$109,10,FALSE) -> 1 | G3: =VLOOKUP($C3,'Indicadores Financeiros'!$A$96:$M$97,6,FALSE) -> 1 | H3: ='Indicadores Financeiros'!$J$74 -> 20.75 | I3: ='Indicadores Financeiros'!$J$76 -> 21 | J3: 4 | K3: =IF(E3="Posto/Dia",I3*J3,J3) -> 84 | L3: =IF('Indicadores Financeiros'!$J$82=0,0,'Indicadores Financeiros'!$J$82) -> 0 | M3: =ROUND((G3-1)*L3,2) -> 0 | N3: =ROUND(SUM($L3:$M3)*'Indicadores Financeiros'!$J$62,2) -> 0 | O3: =ROUND(SUM('Indicadores Financeiros'!$J$84:$J$90)+'Indicadores Financeiros'!$J$92+ROUND(('Indicadores Financeiros'!$J$91*'Relatório Custo'!$H3),2),2)+IF(ROUND((VLOOKUP($A3,'Indicadores Financeiros'!$A$101:$J$109,9,FALSE)*H3)-('Indicadores Financeiros'!$J$82*6%),2)<0,0,ROUND((VLOOKUP($A3,'Indicadores Financeiros'!$A$101:$J$109,9,FALSE)*H3)-('Indicadores Financeiros'!$J$82*6%),2)) -> 0 | P3: =VLOOKUP($C3,'Indicadores Financeiros'!$A$96:$J$97,9,FALSE)+VLOOKUP($C3,'Indicadores Financeiros'!$A$96:$J$97,8,FALSE) -> 0 | Q3: =ROUND((L3+N3+O3+P3+M3)*VLOOKUP($C3,'Indicadores Financeiros'!$A$96:$M$97,5,FALSE),2) -> 0 | R3: =SUM($L3:$Q3) -> 0 | S3: =ROUND(SUM($O3:$P3)*G3+N3+M3+L3+Q3,2) -> 0 | T3: =ROUND(S3/H3,2) -> 0 | U3: =VLOOKUP($A3,'Indicadores Financeiros'!$A$101:$J$210,8,FALSE) -> 0.0204 | V3: =ROUND(T3*(1+U3),2) -> 0 | W3: =IF(E3="Posto/Dia",IFERROR(ROUND(K3*V3,2),0),K3*V3) -> 0 | X3: =ROUND(W3*('Indicadores Financeiros'!$F$13-F3+1),2) -> 0 | Z3: =ROUND(L3*G3*J3,2) -> 0 | AA3: =IF(E3="posto/dia",'Indicadores Financeiros'!$J$70,0) -> 0.3136 | AB3: =ROUND(Z3*$AA3,2) -> 0 | AD3: =IF(E3="posto/dia",ROUND((ROUND(((VLOOKUP($A3,'Indicadores Financeiros'!$A$101:$J$210,9,FALSE)*H3)-ROUND(('Indicadores Financeiros'!$J$82*6%),2))/H3,2)+'Indicadores Financeiros'!$J$91+ROUND(VLOOKUP($C3,'Indicadores Financeiros'!$A$96:$J$97,9,FALSE)/H3,2)+ROUND(((L3*'Indicadores Financeiros'!$J$60)/H3),2))*(1+U3),2),0) -> 0 | AE3: =IF(E3="Posto/Dia",ROUND(V3/IF(OR(C3=680019),540,600),2),0) -> 0
A4: 2 | B4: =VLOOKUP($A4,'Indicadores Financeiros'!$A$101:$J$210,2,FALSE) -> Fórum Criminal Complexo Judiciário Ministro Mário Guimarães | C4: 680019 | D4: =VLOOKUP($C4,'Indicadores Financeiros'!$A$96:$J$97,2,FALSE) -> Porteiro/Controlador de Acesso - com almocista (repositor) - 08 horas diárias - diurno - segunda a domingo | E4: =VLOOKUP($C4,'Indicadores Financeiros'!$A$96:$M$97,3,FALSE) -> Posto/Dia | F4: =VLOOKUP($A4,'Indicadores Financeiros'!$A$101:$J$109,10,FALSE) -> 1 | G4: =VLOOKUP($C4,'Indicadores Financeiros'!$A$96:$M$97,6,FALSE) -> 1.29 | H4: ='Indicadores Financeiros'!$J$73 -> 29.03 | I4: ='Indicadores Financeiros'!$J$75 -> 31 | J4: 3 | K4: =IF(E4="Posto/Dia",I4*J4,J4) -> 93 | L4: =IF('Indicadores Financeiros'!$J$82=0,0,'Indicadores Financeiros'!$J$82) -> 0 | M4: =ROUND((G4-1)*L4,2) -> 0 | N4: =ROUND(SUM($L4:$M4)*'Indicadores Financeiros'!$J$62,2) -> 0 | O4: =ROUND(SUM('Indicadores Financeiros'!$J$84:$J$90)+'Indicadores Financeiros'!$J$92+ROUND(('Indicadores Financeiros'!$J$91*'Relatório Custo'!$H4),2),2)+IF(ROUND((VLOOKUP($A4,'Indicadores Financeiros'!$A$101:$J$109,9,FALSE)*H4)-('Indicadores Financeiros'!$J$82*6%),2)<0,0,ROUND((VLOOKUP($A4,'Indicadores Financeiros'!$A$101:$J$109,9,FALSE)*H4)-('Indicadores Financeiros'!$J$82*6%),2)) -> 0 | P4: =VLOOKUP($C4,'Indicadores Financeiros'!$A$96:$J$97,9,FALSE)+VLOOKUP($C4,'Indicadores Financeiros'!$A$96:$J$97,8,FALSE) -> 0 | Q4: =ROUND((L4+N4+O4+P4+M4)*VLOOKUP($C4,'Indicadores Financeiros'!$A$96:$M$97,5,FALSE),2) -> 0 | R4: =SUM($L4:$Q4) -> 0 | S4: =ROUND(SUM($O4:$P4)*G4+N4+M4+L4+Q4,2) -> 0 | T4: =ROUND(S4/H4,2) -> 0 | U4: =VLOOKUP($A4,'Indicadores Financeiros'!$A$101:$J$210,8,FALSE) -> 0.0204 | V4: =ROUND(T4*(1+U4),2) -> 0 | W4: =IF(E4="Posto/Dia",IFERROR(ROUND(K4*V4,2),0),K4*V4) -> 0 | X4: =ROUND(W4*('Indicadores Financeiros'!$F$13-F4+1),2) -> 0 | Z4: =ROUND(L4*G4*J4,2) -> 0 | AA4: =IF(E4="posto/dia",'Indicadores Financeiros'!$J$70,0) -> 0.3136 | AB4: =ROUND(Z4*$AA4,2) -> 0 | AD4: =IF(E4="posto/dia",ROUND((ROUND(((VLOOKUP($A4,'Indicadores Financeiros'!$A$101:$J$210,9,FALSE)*H4)-ROUND(('Indicadores Financeiros'!$J$82*6%),2))/H4,2)+'Indicadores Financeiros'!$J$91+ROUND(VLOOKUP($C4,'Indicadores Financeiros'!$A$96:$J$97,9,FALSE)/H4,2)+ROUND(((L4*'Indicadores Financeiros'!$J$60)/H4),2))*(1+U4),2),0) -> 0 | AE4: =IF(E4="Posto/Dia",ROUND(V4/IF(OR(C4=680019),540,600),2),0) -> 0
A5: 2 | B5: =VLOOKUP($A5,'Indicadores Financeiros'!$A$101:$J$210,2,FALSE) -> Fórum Criminal Complexo Judiciário Ministro Mário Guimarães | C5: 680020 | D5: =VLOOKUP($C5,'Indicadores Financeiros'!$A$96:$J$97,2,FALSE) -> Porteiro/Controlador de Acesso - com almocista (repositor) - 44 horas semanais - diurno - segunda a sexta | E5: =VLOOKUP($C5,'Indicadores Financeiros'!$A$96:$M$97,3,FALSE) -> Posto/Dia | F5: =VLOOKUP($A5,'Indicadores Financeiros'!$A$101:$J$109,10,FALSE) -> 1 | G5: =VLOOKUP($C5,'Indicadores Financeiros'!$A$96:$M$97,6,FALSE) -> 1 | H5: ='Indicadores Financeiros'!$J$74 -> 20.75 | I5: ='Indicadores Financeiros'!$J$76 -> 21 | J5: 24 | K5: =IF(E5="Posto/Dia",I5*J5,J5) -> 504 | L5: =IF('Indicadores Financeiros'!$J$82=0,0,'Indicadores Financeiros'!$J$82) -> 0 | M5: =ROUND((G5-1)*L5,2) -> 0 | N5: =ROUND(SUM($L5:$M5)*'Indicadores Financeiros'!$J$62,2) -> 0 | O5: =ROUND(SUM('Indicadores Financeiros'!$J$84:$J$90)+'Indicadores Financeiros'!$J$92+ROUND(('Indicadores Financeiros'!$J$91*'Relatório Custo'!$H5),2),2)+IF(ROUND((VLOOKUP($A5,'Indicadores Financeiros'!$A$101:$J$109,9,FALSE)*H5)-('Indicadores Financeiros'!$J$82*6%),2)<0,0,ROUND((VLOOKUP($A5,'Indicadores Financeiros'!$A$101:$J$109,9,FALSE)*H5)-('Indicadores Financeiros'!$J$82*6%),2)) -> 0 | P5: =VLOOKUP($C5,'Indicadores Financeiros'!$A$96:$J$97,9,FALSE)+VLOOKUP($C5,'Indicadores Financeiros'!$A$96:$J$97,8,FALSE) -> 0 | Q5: =ROUND((L5+N5+O5+P5+M5)*VLOOKUP($C5,'Indicadores Financeiros'!$A$96:$M$97,5,FALSE),2) -> 0 | R5: =SUM($L5:$Q5) -> 0 | S5: =ROUND(SUM($O5:$P5)*G5+N5+M5+L5+Q5,2) -> 0 | T5: =ROUND(S5/H5,2) -> 0 | U5: =VLOOKUP($A5,'Indicadores Financeiros'!$A$101:$J$210,8,FALSE) -> 0.0204 | V5: =ROUND(T5*(1+U5),2) -> 0 | W5: =IF(E5="Posto/Dia",IFERROR(ROUND(K5*V5,2),0),K5*V5) -> 0 | X5: =ROUND(W5*('Indicadores Financeiros'!$F$13-F5+1),2) -> 0 | Z5: =ROUND(L5*G5*J5,2) -> 0 | AA5: =IF(E5="posto/dia",'Indicadores Financeiros'!$J$70,0) -> 0.3136 | AB5: =ROUND(Z5*$AA5,2) -> 0 | AD5: =IF(E5="posto/dia",ROUND((ROUND(((VLOOKUP($A5,'Indicadores Financeiros'!$A$101:$J$210,9,FALSE)*H5)-ROUND(('Indicadores Financeiros'!$J$82*6%),2))/H5,2)+ROUND('Indicadores Financeiros'!$J$91,2)+ROUND(VLOOKUP($C5,'Indicadores Financeiros'!$A$96:$J$97,9,FALSE)/H5,2)+ROUND((L5*'Indicadores Financeiros'!$J$60/H5),2))*(1+U5),2),0) -> 0 | AE5: =IF(E5="Posto/Dia",ROUND(V5/IF(OR(C5=680019),540,600),2),0) -> 0
A6: 3 | B6: =VLOOKUP($A6,'Indicadores Financeiros'!$A$101:$J$210,2,FALSE) -> Fórum Regional do Ipiranga | C6: 680020 | D6: =VLOOKUP($C6,'Indicadores Financeiros'!$A$96:$J$97,2,FALSE) -> Porteiro/Controlador de Acesso - com almocista (repositor) - 44 horas semanais - diurno - segunda a sexta | E6: =VLOOKUP($C6,'Indicadores Financeiros'!$A$96:$M$97,3,FALSE) -> Posto/Dia | F6: =VLOOKUP($A6,'Indicadores Financeiros'!$A$101:$J$109,10,FALSE) -> 1 | G6: =VLOOKUP($C6,'Indicadores Financeiros'!$A$96:$M$97,6,FALSE) -> 1 | H6: ='Indicadores Financeiros'!$J$74 -> 20.75 | I6: ='Indicadores Financeiros'!$J$76 -> 21 | J6: 4 | K6: =IF(E6="Posto/Dia",I6*J6,J6) -> 84 | L6: =IF('Indicadores Financeiros'!$J$82=0,0,'Indicadores Financeiros'!$J$82) -> 0 | M6: =ROUND((G6-1)*L6,2) -> 0 | N6: =ROUND(SUM($L6:$M6)*'Indicadores Financeiros'!$J$62,2) -> 0 | O6: =ROUND(SUM('Indicadores Financeiros'!$J$84:$J$90)+'Indicadores Financeiros'!$J$92+ROUND(('Indicadores Financeiros'!$J$91*'Relatório Custo'!$H6),2),2)+IF(ROUND((VLOOKUP($A6,'Indicadores Financeiros'!$A$101:$J$109,9,FALSE)*H6)-('Indicadores Financeiros'!$J$82*6%),2)<0,0,ROUND((VLOOKUP($A6,'Indicadores Financeiros'!$A$101:$J$109,9,FALSE)*H6)-('Indicadores Financeiros'!$J$82*6%),2)) -> 0 | P6: =VLOOKUP($C6,'Indicadores Financeiros'!$A$96:$J$97,9,FALSE)+VLOOKUP($C6,'Indicadores Financeiros'!$A$96:$J$97,8,FALSE) -> 0 | Q6: =ROUND((L6+N6+O6+P6+M6)*VLOOKUP($C6,'Indicadores Financeiros'!$A$96:$M$97,5,FALSE),2) -> 0 | R6: =SUM($L6:$Q6) -> 0 | S6: =ROUND(SUM($O6:$P6)*G6+N6+M6+L6+Q6,2) -> 0 | T6: =ROUND(S6/H6,2) -> 0 | U6: =VLOOKUP($A6,'Indicadores Financeiros'!$A$101:$J$210,8,FALSE) -> 0.0204 | V6: =ROUND(T6*(1+U6),2) -> 0 | W6: =IF(E6="Posto/Dia",IFERROR(ROUND(K6*V6,2),0),K6*V6) -> 0 | X6: =ROUND(W6*('Indicadores Financeiros'!$F$13-F6+1),2) -> 0 | Z6: =ROUND(L6*G6*J6,2) -> 0 | AA6: =IF(E6="posto/dia",'Indicadores Financeiros'!$J$70,0) -> 0.3136 | AB6: =ROUND(Z6*$AA6,2) -> 0 | AD6: =IF(E6="posto/dia",ROUND((ROUND(((VLOOKUP($A6,'Indicadores Financeiros'!$A$101:$J$210,9,FALSE)*H6)-ROUND(('Indicadores Financeiros'!$J$82*6%),2))/H6,2)+ROUND('Indicadores Financeiros'!$J$91,2)+ROUND(VLOOKUP($C6,'Indicadores Financeiros'!$A$96:$J$97,9,FALSE)/H6,2)+ROUND((L6*'Indicadores Financeiros'!$J$60/H6),2))*(1+U6),2),0) -> 0 | AE6: =IF(E6="Posto/Dia",ROUND(V6/IF(OR(C6=680019),540,600),2),0) -> 0
A7: 4 | B7: =VLOOKUP($A7,'Indicadores Financeiros'!$A$101:$J$210,2,FALSE) -> Fórum Regional do Jabaquara | C7: 680020 | D7: =VLOOKUP($C7,'Indicadores Financeiros'!$A$96:$J$97,2,FALSE) -> Porteiro/Controlador de Acesso - com almocista (repositor) - 44 horas semanais - diurno - segunda a sexta | E7: =VLOOKUP($C7,'Indicadores Financeiros'!$A$96:$M$97,3,FALSE) -> Posto/Dia | F7: =VLOOKUP($A7,'Indicadores Financeiros'!$A$101:$J$109,10,FALSE) -> 1 | G7: =VLOOKUP($C7,'Indicadores Financeiros'!$A$96:$M$97,6,FALSE) -> 1 | H7: ='Indicadores Financeiros'!$J$74 -> 20.75 | I7: ='Indicadores Financeiros'!$J$76 -> 21 | J7: 7 | K7: =IF(E7="Posto/Dia",I7*J7,J7) -> 147 | L7: =IF('Indicadores Financeiros'!$J$82=0,0,'Indicadores Financeiros'!$J$82) -> 0 | M7: =ROUND((G7-1)*L7,2) -> 0 | N7: =ROUND(SUM($L7:$M7)*'Indicadores Financeiros'!$J$62,2) -> 0 | O7: =ROUND(SUM('Indicadores Financeiros'!$J$84:$J$90)+'Indicadores Financeiros'!$J$92+ROUND(('Indicadores Financeiros'!$J$91*'Relatório Custo'!$H7),2),2)+IF(ROUND((VLOOKUP($A7,'Indicadores Financeiros'!$A$101:$J$109,9,FALSE)*H7)-('Indicadores Financeiros'!$J$82*6%),2)<0,0,ROUND((VLOOKUP($A7,'Indicadores Financeiros'!$A$101:$J$109,9,FALSE)*H7)-('Indicadores Financeiros'!$J$82*6%),2)) -> 0 | P7: =VLOOKUP($C7,'Indicadores Financeiros'!$A$96:$J$97,9,FALSE)+VLOOKUP($C7,'Indicadores Financeiros'!$A$96:$J$97,8,FALSE) -> 0 | Q7: =ROUND((L7+N7+O7+P7+M7)*VLOOKUP($C7,'Indicadores Financeiros'!$A$96:$M$97,5,FALSE),2) -> 0 | R7: =SUM($L7:$Q7) -> 0 | S7: =ROUND(SUM($O7:$P7)*G7+N7+M7+L7+Q7,2) -> 0 | T7: =ROUND(S7/H7,2) -> 0 | U7: =VLOOKUP($A7,'Indicadores Financeiros'!$A$101:$J$210,8,FALSE) -> 0.0204 | V7: =ROUND(T7*(1+U7),2) -> 0 | W7: =IF(E7="Posto/Dia",IFERROR(ROUND(K7*V7,2),0),K7*V7) -> 0 | X7: =ROUND(W7*('Indicadores Financeiros'!$F$13-F7+1),2) -> 0 | Z7: =ROUND(L7*G7*J7,2) -> 0 | AA7: =IF(E7="posto/dia",'Indicadores Financeiros'!$J$70,0) -> 0.3136 | AB7: =ROUND(Z7*$AA7,2) -> 0 | AD7: =IF(E7="posto/dia",ROUND((ROUND(((VLOOKUP($A7,'Indicadores Financeiros'!$A$101:$J$210,9,FALSE)*H7)-ROUND(('Indicadores Financeiros'!$J$82*6%),2))/H7,2)+ROUND('Indicadores Financeiros'!$J$91,2)+ROUND(VLOOKUP($C7,'Indicadores Financeiros'!$A$96:$J$97,9,FALSE)/H7,2)+ROUND((L7*'Indicadores Financeiros'!$J$60/H7),2))*(1+U7),2),0) -> 0 | AE7: =IF(E7="Posto/Dia",ROUND(V7/IF(OR(C7=680019),540,600),2),0) -> 0
A8: 5 | B8: =VLOOKUP($A8,'Indicadores Financeiros'!$A$101:$J$210,2,FALSE) -> Fórum Regional da Lapa | C8: 680020 | D8: =VLOOKUP($C8,'Indicadores Financeiros'!$A$96:$J$97,2,FALSE) -> Porteiro/Controlador de Acesso - com almocista (repositor) - 44 horas semanais - diurno - segunda a sexta | E8: =VLOOKUP($C8,'Indicadores Financeiros'!$A$96:$M$97,3,FALSE) -> Posto/Dia | F8: =VLOOKUP($A8,'Indicadores Financeiros'!$A$101:$J$109,10,FALSE) -> 1 | G8: =VLOOKUP($C8,'Indicadores Financeiros'!$A$96:$M$97,6,FALSE) -> 1 | H8: ='Indicadores Financeiros'!$J$74 -> 20.75 | I8: ='Indicadores Financeiros'!$J$76 -> 21 | J8: 8 | K8: =IF(E8="Posto/Dia",I8*J8,J8) -> 168 | L8: =IF('Indicadores Financeiros'!$J$82=0,0,'Indicadores Financeiros'!$J$82) -> 0 | M8: =ROUND((G8-1)*L8,2) -> 0 | N8: =ROUND(SUM($L8:$M8)*'Indicadores Financeiros'!$J$62,2) -> 0 | O8: =ROUND(SUM('Indicadores Financeiros'!$J$84:$J$90)+'Indicadores Financeiros'!$J$92+ROUND(('Indicadores Financeiros'!$J$91*'Relatório Custo'!$H8),2),2)+IF(ROUND((VLOOKUP($A8,'Indicadores Financeiros'!$A$101:$J$109,9,FALSE)*H8)-('Indicadores Financeiros'!$J$82*6%),2)<0,0,ROUND((VLOOKUP($A8,'Indicadores Financeiros'!$A$101:$J$109,9,FALSE)*H8)-('Indicadores Financeiros'!$J$82*6%),2)) -> 0 | P8: =VLOOKUP($C8,'Indicadores Financeiros'!$A$96:$J$97,9,FALSE)+VLOOKUP($C8,'Indicadores Financeiros'!$A$96:$J$97,8,FALSE) -> 0 | Q8: =ROUND((L8+N8+O8+P8+M8)*VLOOKUP($C8,'Indicadores Financeiros'!$A$96:$M$97,5,FALSE),2) -> 0 | R8: =SUM($L8:$Q8) -> 0 | S8: =ROUND(SUM($O8:$P8)*G8+N8+M8+L8+Q8,2) -> 0 | T8: =ROUND(S8/H8,2) -> 0 | U8: =VLOOKUP($A8,'Indicadores Financeiros'!$A$101:$J$210,8,FALSE) -> 0.0204 | V8: =ROUND(T8*(1+U8),2) -> 0 | W8: =IF(E8="Posto/Dia",IFERROR(ROUND(K8*V8,2),0),K8*V8) -> 0 | X8: =ROUND(W8*('Indicadores Financeiros'!$F$13-F8+1),2) -> 0 | Z8: =ROUND(L8*G8*J8,2) -> 0 | AA8: =IF(E8="posto/dia",'Indicadores Financeiros'!$J$70,0) -> 0.3136 | AB8: =ROUND(Z8*$AA8,2) -> 0 | AD8: =IF(E8="posto/dia",ROUND((ROUND(((VLOOKUP($A8,'Indicadores Financeiros'!$A$101:$J$210,9,FALSE)*H8)-ROUND(('Indicadores Financeiros'!$J$82*6%),2))/H8,2)+ROUND('Indicadores Financeiros'!$J$91,2)+ROUND(VLOOKUP($C8,'Indicadores Financeiros'!$A$96:$J$97,9,FALSE)/H8,2)+ROUND((L8*'Indicadores Financeiros'!$J$60/H8),2))*(1+U8),2),0) -> 0 | AE8: =IF(E8="Posto/Dia",ROUND(V8/IF(OR(C8=680019),540,600),2),0) -> 0
A9: 6 | B9: =VLOOKUP($A9,'Indicadores Financeiros'!$A$101:$J$210,2,FALSE) -> Fórum Regional de Pinheiros | C9: 680020 | D9: =VLOOKUP($C9,'Indicadores Financeiros'!$A$96:$J$97,2,FALSE) -> Porteiro/Controlador de Acesso - com almocista (repositor) - 44 horas semanais - diurno - segunda a sexta | E9: =VLOOKUP($C9,'Indicadores Financeiros'!$A$96:$M$97,3,FALSE) -> Posto/Dia | F9: =VLOOKUP($A9,'Indicadores Financeiros'!$A$101:$J$109,10,FALSE) -> 1 | G9: =VLOOKUP($C9,'Indicadores Financeiros'!$A$96:$M$97,6,FALSE) -> 1 | H9: ='Indicadores Financeiros'!$J$74 -> 20.75 | I9: ='Indicadores Financeiros'!$J$76 -> 21 | J9: 7 | K9: =IF(E9="Posto/Dia",I9*J9,J9) -> 147 | L9: =IF('Indicadores Financeiros'!$J$82=0,0,'Indicadores Financeiros'!$J$82) -> 0 | M9: =ROUND((G9-1)*L9,2) -> 0 | N9: =ROUND(SUM($L9:$M9)*'Indicadores Financeiros'!$J$62,2) -> 0 | O9: =ROUND(SUM('Indicadores Financeiros'!$J$84:$J$90)+'Indicadores Financeiros'!$J$92+ROUND(('Indicadores Financeiros'!$J$91*'Relatório Custo'!$H9),2),2)+IF(ROUND((VLOOKUP($A9,'Indicadores Financeiros'!$A$101:$J$109,9,FALSE)*H9)-('Indicadores Financeiros'!$J$82*6%),2)<0,0,ROUND((VLOOKUP($A9,'Indicadores Financeiros'!$A$101:$J$109,9,FALSE)*H9)-('Indicadores Financeiros'!$J$82*6%),2)) -> 0 | P9: =VLOOKUP($C9,'Indicadores Financeiros'!$A$96:$J$97,9,FALSE)+VLOOKUP($C9,'Indicadores Financeiros'!$A$96:$J$97,8,FALSE) -> 0 | Q9: =ROUND((L9+N9+O9+P9+M9)*VLOOKUP($C9,'Indicadores Financeiros'!$A$96:$M$97,5,FALSE),2) -> 0 | R9: =SUM($L9:$Q9) -> 0 | S9: =ROUND(SUM($O9:$P9)*G9+N9+M9+L9+Q9,2) -> 0 | T9: =ROUND(S9/H9,2) -> 0 | U9: =VLOOKUP($A9,'Indicadores Financeiros'!$A$101:$J$210,8,FALSE) -> 0.0204 | V9: =ROUND(T9*(1+U9),2) -> 0 | W9: =IF(E9="Posto/Dia",IFERROR(ROUND(K9*V9,2),0),K9*V9) -> 0 | X9: =ROUND(W9*('Indicadores Financeiros'!$F$13-F9+1),2) -> 0 | Z9: =ROUND(L9*G9*J9,2) -> 0 | AA9: =IF(E9="posto/dia",'Indicadores Financeiros'!$J$70,0) -> 0.3136 | AB9: =ROUND(Z9*$AA9,2) -> 0 | AD9: =IF(E9="posto/dia",ROUND((ROUND(((VLOOKUP($A9,'Indicadores Financeiros'!$A$101:$J$210,9,FALSE)*H9)-ROUND(('Indicadores Financeiros'!$J$82*6%),2))/H9,2)+ROUND('Indicadores Financeiros'!$J$91,2)+ROUND(VLOOKUP($C9,'Indicadores Financeiros'!$A$96:$J$97,9,FALSE)/H9,2)+ROUND((L9*'Indicadores Financeiros'!$J$60/H9),2))*(1+U9),2),0) -> 0 | AE9: =IF(E9="Posto/Dia",ROUND(V9/IF(OR(C9=680019),540,600),2),0) -> 0
A10: 7 | B10: =VLOOKUP($A10,'Indicadores Financeiros'!$A$101:$J$210,2,FALSE) -> Fórum Regional de Santo Amaro - Adolfo Pinheiro | C10: 680020 | D10: =VLOOKUP($C10,'Indicadores Financeiros'!$A$96:$J$97,2,FALSE) -> Porteiro/Controlador de Acesso - com almocista (repositor) - 44 horas semanais - diurno - segunda a sexta | E10: =VLOOKUP($C10,'Indicadores Financeiros'!$A$96:$M$97,3,FALSE) -> Posto/Dia | F10: =VLOOKUP($A10,'Indicadores Financeiros'!$A$101:$J$109,10,FALSE) -> 1 | G10: =VLOOKUP($C10,'Indicadores Financeiros'!$A$96:$M$97,6,FALSE) -> 1 | H10: ='Indicadores Financeiros'!$J$74 -> 20.75 | I10: ='Indicadores Financeiros'!$J$76 -> 21 | J10: 6 | K10: =IF(E10="Posto/Dia",I10*J10,J10) -> 126 | L10: =IF('Indicadores Financeiros'!$J$82=0,0,'Indicadores Financeiros'!$J$82) -> 0 | M10: =ROUND((G10-1)*L10,2) -> 0 | N10: =ROUND(SUM($L10:$M10)*'Indicadores Financeiros'!$J$62,2) -> 0 | O10: =ROUND(SUM('Indicadores Financeiros'!$J$84:$J$90)+'Indicadores Financeiros'!$J$92+ROUND(('Indicadores Financeiros'!$J$91*'Relatório Custo'!$H10),2),2)+IF(ROUND((VLOOKUP($A10,'Indicadores Financeiros'!$A$101:$J$109,9,FALSE)*H10)-('Indicadores Financeiros'!$J$82*6%),2)<0,0,ROUND((VLOOKUP($A10,'Indicadores Financeiros'!$A$101:$J$109,9,FALSE)*H10)-('Indicadores Financeiros'!$J$82*6%),2)) -> 0 | P10: =VLOOKUP($C10,'Indicadores Financeiros'!$A$96:$J$97,9,FALSE)+VLOOKUP($C10,'Indicadores Financeiros'!$A$96:$J$97,8,FALSE) -> 0 | Q10: =ROUND((L10+N10+O10+P10+M10)*VLOOKUP($C10,'Indicadores Financeiros'!$A$96:$M$97,5,FALSE),2) -> 0 | R10: =SUM($L10:$Q10) -> 0 | S10: =ROUND(SUM($O10:$P10)*G10+N10+M10+L10+Q10,2) -> 0 | T10: =ROUND(S10/H10,2) -> 0 | U10: =VLOOKUP($A10,'Indicadores Financeiros'!$A$101:$J$210,8,FALSE) -> 0.0204 | V10: =ROUND(T10*(1+U10),2) -> 0 | W10: =IF(E10="Posto/Dia",IFERROR(ROUND(K10*V10,2),0),K10*V10) -> 0 | X10: =ROUND(W10*('Indicadores Financeiros'!$F$13-F10+1),2) -> 0 | Z10: =ROUND(L10*G10*J10,2) -> 0 | AA10: =IF(E10="posto/dia",'Indicadores Financeiros'!$J$70,0) -> 0.3136 | AB10: =ROUND(Z10*$AA10,2) -> 0 | AD10: =IF(E10="posto/dia",ROUND((ROUND(((VLOOKUP($A10,'Indicadores Financeiros'!$A$101:$J$210,9,FALSE)*H10)-ROUND(('Indicadores Financeiros'!$J$82*6%),2))/H10,2)+ROUND('Indicadores Financeiros'!$J$91,2)+ROUND(VLOOKUP($C10,'Indicadores Financeiros'!$A$96:$J$97,9,FALSE)/H10,2)+ROUND((L10*'Indicadores Financeiros'!$J$60/H10),2))*(1+U10),2),0) -> 0 | AE10: =IF(E10="Posto/Dia",ROUND(V10/IF(OR(C10=680019),540,600),2),0) -> 0
A11: 8 | B11: =VLOOKUP($A11,'Indicadores Financeiros'!$A$101:$J$210,2,FALSE) -> Fórum Regional de Santo Amaro - Alexandre Dumas | C11: 680020 | D11: =VLOOKUP($C11,'Indicadores Financeiros'!$A$96:$J$97,2,FALSE) -> Porteiro/Controlador de Acesso - com almocista (repositor) - 44 horas semanais - diurno - segunda a sexta | E11: =VLOOKUP($C11,'Indicadores Financeiros'!$A$96:$M$97,3,FALSE) -> Posto/Dia | F11: =VLOOKUP($A11,'Indicadores Financeiros'!$A$101:$J$109,10,FALSE) -> 1 | G11: =VLOOKUP($C11,'Indicadores Financeiros'!$A$96:$M$97,6,FALSE) -> 1 | H11: ='Indicadores Financeiros'!$J$74 -> 20.75 | I11: ='Indicadores Financeiros'!$J$76 -> 21 | J11: 1 | K11: =IF(E11="Posto/Dia",I11*J11,J11) -> 21 | L11: =IF('Indicadores Financeiros'!$J$82=0,0,'Indicadores Financeiros'!$J$82) -> 0 | M11: =ROUND((G11-1)*L11,2) -> 0 | N11: =ROUND(SUM($L11:$M11)*'Indicadores Financeiros'!$J$62,2) -> 0 | O11: =ROUND(SUM('Indicadores Financeiros'!$J$84:$J$90)+'Indicadores Financeiros'!$J$92+ROUND(('Indicadores Financeiros'!$J$91*'Relatório Custo'!$H11),2),2)+IF(ROUND((VLOOKUP($A11,'Indicadores Financeiros'!$A$101:$J$109,9,FALSE)*H11)-('Indicadores Financeiros'!$J$82*6%),2)<0,0,ROUND((VLOOKUP($A11,'Indicadores Financeiros'!$A$101:$J$109,9,FALSE)*H11)-('Indicadores Financeiros'!$J$82*6%),2)) -> 0 | P11: =VLOOKUP($C11,'Indicadores Financeiros'!$A$96:$J$97,9,FALSE)+VLOOKUP($C11,'Indicadores Financeiros'!$A$96:$J$97,8,FALSE) -> 0 | Q11: =ROUND((L11+N11+O11+P11+M11)*VLOOKUP($C11,'Indicadores Financeiros'!$A$96:$M$97,5,FALSE),2) -> 0 | R11: =SUM($L11:$Q11) -> 0 | S11: =ROUND(SUM($O11:$P11)*G11+N11+M11+L11+Q11,2) -> 0 | T11: =ROUND(S11/H11,2) -> 0 | U11: =VLOOKUP($A11,'Indicadores Financeiros'!$A$101:$J$210,8,FALSE) -> 0.0204 | V11: =ROUND(T11*(1+U11),2) -> 0 | W11: =IF(E11="Posto/Dia",IFERROR(ROUND(K11*V11,2),0),K11*V11) -> 0 | X11: =ROUND(W11*('Indicadores Financeiros'!$F$13-F11+1),2) -> 0 | Z11: =ROUND(L11*G11*J11,2) -> 0 | AA11: =IF(E11="posto/dia",'Indicadores Financeiros'!$J$70,0) -> 0.3136 | AB11: =ROUND(Z11*$AA11,2) -> 0 | AD11: =IF(E11="posto/dia",ROUND((ROUND(((VLOOKUP($A11,'Indicadores Financeiros'!$A$101:$J$210,9,FALSE)*H11)-ROUND(('Indicadores Financeiros'!$J$82*6%),2))/H11,2)+ROUND('Indicadores Financeiros'!$J$91,2)+ROUND(VLOOKUP($C11,'Indicadores Financeiros'!$A$96:$J$97,9,FALSE)/H11,2)+ROUND((L11*'Indicadores Financeiros'!$J$60/H11),2))*(1+U11),2),0) -> 0 | AE11: =IF(E11="Posto/Dia",ROUND(V11/IF(OR(C11=680019),540,600),2),0) -> 0
A12: 9 | B12: =VLOOKUP($A12,'Indicadores Financeiros'!$A$101:$J$210,2,FALSE) -> Fórum Regional de Santo Amaro - Nações Unidas | C12: 680020 | D12: =VLOOKUP($C12,'Indicadores Financeiros'!$A$96:$J$97,2,FALSE) -> Porteiro/Controlador de Acesso - com almocista (repositor) - 44 horas semanais - diurno - segunda a sexta | E12: =VLOOKUP($C12,'Indicadores Financeiros'!$A$96:$M$97,3,FALSE) -> Posto/Dia | F12: =VLOOKUP($A12,'Indicadores Financeiros'!$A$101:$J$109,10,FALSE) -> 1 | G12: =VLOOKUP($C12,'Indicadores Financeiros'!$A$96:$M$97,6,FALSE) -> 1 | H12: ='Indicadores Financeiros'!$J$74 -> 20.75 | I12: ='Indicadores Financeiros'!$J$76 -> 21 | J12: 6 | K12: =IF(E12="Posto/Dia",I12*J12,J12) -> 126 | L12: =IF('Indicadores Financeiros'!$J$82=0,0,'Indicadores Financeiros'!$J$82) -> 0 | M12: =ROUND((G12-1)*L12,2) -> 0 | N12: =ROUND(SUM($L12:$M12)*'Indicadores Financeiros'!$J$62,2) -> 0 | O12: =ROUND(SUM('Indicadores Financeiros'!$J$84:$J$90)+'Indicadores Financeiros'!$J$92+ROUND(('Indicadores Financeiros'!$J$91*'Relatório Custo'!$H12),2),2)+IF(ROUND((VLOOKUP($A12,'Indicadores Financeiros'!$A$101:$J$109,9,FALSE)*H12)-('Indicadores Financeiros'!$J$82*6%),2)<0,0,ROUND((VLOOKUP($A12,'Indicadores Financeiros'!$A$101:$J$109,9,FALSE)*H12)-('Indicadores Financeiros'!$J$82*6%),2)) -> 0 | P12: =VLOOKUP($C12,'Indicadores Financeiros'!$A$96:$J$97,9,FALSE)+VLOOKUP($C12,'Indicadores Financeiros'!$A$96:$J$97,8,FALSE) -> 0 | Q12: =ROUND((L12+N12+O12+P12+M12)*VLOOKUP($C12,'Indicadores Financeiros'!$A$96:$M$97,5,FALSE),2) -> 0 | R12: =SUM($L12:$Q12) -> 0 | S12: =ROUND(SUM($O12:$P12)*G12+N12+M12+L12+Q12,2) -> 0 | T12: =ROUND(S12/H12,2) -> 0 | U12: =VLOOKUP($A12,'Indicadores Financeiros'!$A$101:$J$210,8,FALSE) -> 0.0204 | V12: =ROUND(T12*(1+U12),2) -> 0 | W12: =IF(E12="Posto/Dia",IFERROR(ROUND(K12*V12,2),0),K12*V12) -> 0 | X12: =ROUND(W12*('Indicadores Financeiros'!$F$13-F12+1),2) -> 0 | Z12: =ROUND(L12*G12*J12,2) -> 0 | AA12: =IF(E12="posto/dia",'Indicadores Financeiros'!$J$70,0) -> 0.3136 | AB12: =ROUND(Z12*$AA12,2) -> 0 | AD12: =IF(E12="posto/dia",ROUND((ROUND(((VLOOKUP($A12,'Indicadores Financeiros'!$A$101:$J$210,9,FALSE)*H12)-ROUND(('Indicadores Financeiros'!$J$82*6%),2))/H12,2)+ROUND('Indicadores Financeiros'!$J$91,2)+ROUND(VLOOKUP($C12,'Indicadores Financeiros'!$A$96:$J$97,9,FALSE)/H12,2)+ROUND((L12*'Indicadores Financeiros'!$J$60/H12),2))*(1+U12),2),0) -> 0 | AE12: =IF(E12="Posto/Dia",ROUND(V12/IF(OR(C12=680019),540,600),2),0) -> 0
A13: Total | W13: =ROUND(SUBTOTAL(9,W3:W12),2) -> 0 | X13: =ROUND(SUBTOTAL(9,X3:X12),2) -> 0 | AB13: =ROUND(SUBTOTAL(9,AB3:AB12),2) -> 0

Sheet Cronograma Físico Financeiro
A1: CRONOGRAMA FÍSICO FINANCEIRO
A2: Mês | B2: Valor mensal | C2: Valor Total da Remuneração | D2: Valor a ser contingenciado
A3: 1 | B3: =IF(A3<='Indicadores Financeiros'!$F$13,SUMIF('Relatório Custo'!$F:$F,"<="&$A3,'Relatório Custo'!$W:$W),0) -> 0 | C3: =IF(A3<='Indicadores Financeiros'!$F$13,SUMIF('Relatório Custo'!$F:$F,"<="&$A3,'Relatório Custo'!$Z:$Z),0) -> 0 | D3: =IF(A3<='Indicadores Financeiros'!$F$13,SUMIF('Relatório Custo'!$F:$F,"<="&$A3,'Relatório Custo'!$AB:$AB),0) -> 0
A4: 2 | B4: =IF(A4<='Indicadores Financeiros'!$F$13,SUMIF('Relatório Custo'!$F:$F,"<="&$A4,'Relatório Custo'!$W:$W),0) -> 0 | C4: =IF(A4<='Indicadores Financeiros'!$F$13,SUMIF('Relatório Custo'!$F:$F,"<="&$A4,'Relatório Custo'!$Z:$Z),0) -> 0 | D4: =IF(A4<='Indicadores Financeiros'!$F$13,SUMIF('Relatório Custo'!$F:$F,"<="&$A4,'Relatório Custo'!$AB:$AB),0) -> 0
A5: 3 | B5: =IF(A5<='Indicadores Financeiros'!$F$13,SUMIF('Relatório Custo'!$F:$F,"<="&$A5,'Relatório Custo'!$W:$W),0) -> 0 | C5: =IF(A5<='Indicadores Financeiros'!$F$13,SUMIF('Relatório Custo'!$F:$F,"<="&$A5,'Relatório Custo'!$Z:$Z),0) -> 0 | D5: =IF(A5<='Indicadores Financeiros'!$F$13,SUMIF('Relatório Custo'!$F:$F,"<="&$A5,'Relatório Custo'!$AB:$AB),0) -> 0
A6: 4 | B6: =IF(A6<='Indicadores Financeiros'!$F$13,SUMIF('Relatório Custo'!$F:$F,"<="&$A6,'Relatório Custo'!$W:$W),0) -> 0 | C6: =IF(A6<='Indicadores Financeiros'!$F$13,SUMIF('Relatório Custo'!$F:$F,"<="&$A6,'Relatório Custo'!$Z:$Z),0) -> 0 | D6: =IF(A6<='Indicadores Financeiros'!$F$13,SUMIF('Relatório Custo'!$F:$F,"<="&$A6,'Relatório Custo'!$AB:$AB),0) -> 0
A7: 5 | B7: =IF(A7<='Indicadores Financeiros'!$F$13,SUMIF('Relatório Custo'!$F:$F,"<="&$A7,'Relatório Custo'!$W:$W),0) -> 0 | C7: =IF(A7<='Indicadores Financeiros'!$F$13,SUMIF('Relatório Custo'!$F:$F,"<="&$A7,'Relatório Custo'!$Z:$Z),0) -> 0 | D7: =IF(A7<='Indicadores Financeiros'!$F$13,SUMIF('Relatório Custo'!$F:$F,"<="&$A7,'Relatório Custo'!$AB:$AB),0) -> 0
A8: 6 | B8: =IF(A8<='Indicadores Financeiros'!$F$13,SUMIF('Relatório Custo'!$F:$F,"<="&$A8,'Relatório Custo'!$W:$W),0) -> 0 | C8: =IF(A8<='Indicadores Financeiros'!$F$13,SUMIF('Relatório Custo'!$F:$F,"<="&$A8,'Relatório Custo'!$Z:$Z),0) -> 0 | D8: =IF(A8<='Indicadores Financeiros'!$F$13,SUMIF('Relatório Custo'!$F:$F,"<="&$A8,'Relatório Custo'!$AB:$AB),0) -> 0
A9: 7 | B9: =IF(A9<='Indicadores Financeiros'!$F$13,SUMIF('Relatório Custo'!$F:$F,"<="&$A9,'Relatório Custo'!$W:$W),0) -> 0 | C9: =IF(A9<='Indicadores Financeiros'!$F$13,SUMIF('Relatório Custo'!$F:$F,"<="&$A9,'Relatório Custo'!$Z:$Z),0) -> 0 | D9: =IF(A9<='Indicadores Financeiros'!$F$13,SUMIF('Relatório Custo'!$F:$F,"<="&$A9,'Relatório Custo'!$AB:$AB),0) -> 0
A10: 8 | B10: =IF(A10<='Indicadores Financeiros'!$F$13,SUMIF('Relatório Custo'!$F:$F,"<="&$A10,'Relatório Custo'!$W:$W),0) -> 0 | C10: =IF(A10<='Indicadores Financeiros'!$F$13,SUMIF('Relatório Custo'!$F:$F,"<="&$A10,'Relatório Custo'!$Z:$Z),0) -> 0 | D10: =IF(A10<='Indicadores Financeiros'!$F$13,SUMIF('Relatório Custo'!$F:$F,"<="&$A10,'Relatório Custo'!$AB:$AB),0) -> 0
A11: 9 | B11: =IF(A11<='Indicadores Financeiros'!$F$13,SUMIF('Relatório Custo'!$F:$F,"<="&$A11,'Relatório Custo'!$W:$W),0) -> 0 | C11: =IF(A11<='Indicadores Financeiros'!$F$13,SUMIF('Relatório Custo'!$F:$F,"<="&$A11,'Relatório Custo'!$Z:$Z),0) -> 0 | D11: =IF(A11<='Indicadores Financeiros'!$F$13,SUMIF('Relatório Custo'!$F:$F,"<="&$A11,'Relatório Custo'!$AB:$AB),0) -> 0
A12: 10 | B12: =IF(A12<='Indicadores Financeiros'!$F$13,SUMIF('Relatório Custo'!$F:$F,"<="&$A12,'Relatório Custo'!$W:$W),0) -> 0 | C12: =IF(A12<='Indicadores Financeiros'!$F$13,SUMIF('Relatório Custo'!$F:$F,"<="&$A12,'Relatório Custo'!$Z:$Z),0) -> 0 | D12: =IF(A12<='Indicadores Financeiros'!$F$13,SUMIF('Relatório Custo'!$F:$F,"<="&$A12,'Relatório Custo'!$AB:$AB),0) -> 0
A13: 11 | B13: =IF(A13<='Indicadores Financeiros'!$F$13,SUMIF('Relatório Custo'!$F:$F,"<="&$A13,'Relatório Custo'!$W:$W),0) -> 0 | C13: =IF(A13<='Indicadores Financeiros'!$F$13,SUMIF('Relatório Custo'!$F:$F,"<="&$A13,'Relatório Custo'!$Z:$Z),0) -> 0 | D13: =IF(A13<='Indicadores Financeiros'!$F$13,SUMIF('Relatório Custo'!$F:$F,"<="&$A13,'Relatório Custo'!$AB:$AB),0) -> 0
A14: 12 | B14: =IF(A14<='Indicadores Financeiros'!$F$13,SUMIF('Relatório Custo'!$F:$F,"<="&$A14,'Relatório Custo'!$W:$W),0) -> 0 | C14: =IF(A14<='Indicadores Financeiros'!$F$13,SUMIF('Relatório Custo'!$F:$F,"<="&$A14,'Relatório Custo'!$Z:$Z),0) -> 0 | D14: =IF(A14<='Indicadores Financeiros'!$F$13,SUMIF('Relatório Custo'!$F:$F,"<="&$A14,'Relatório Custo'!$AB:$AB),0) -> 0
... A22: 20 | B22: =IF(A22<='Indicadores Financeiros'!$F$13,SUMIF('Relatório Custo'!$F:$F,"<="&$A22,'Relatório Custo'!$W:$W),0) -> 0 | C22: =IF(A22<='Indicadores Financeiros'!$F$13,SUMIF('Relatório Custo'!$F:$F,"<="&$A22,'Relatório Custo'!$Z:$Z),0) -> 0 | D22: =IF(A22<='Indicadores Financeiros'!$F$13,SUMIF('Relatório Custo'!$F:$F,"<="&$A22,'Relatório Custo'!$AB:$AB),0) -> 0
A23: =A22+1 -> 21 | B23: =IF(A23<='Indicadores Financeiros'!$F$13,SUMIF('Relatório Custo'!$F:$F,"<="&$A23,'Relatório Custo'!$W:$W),0) -> 0 | C23: =IF(A23<='Indicadores Financeiros'!$F$13,SUMIF('Relatório Custo'!$F:$F,"<="&$A23,'Relatório Custo'!$Z:$Z),0) -> 0 | D23: =IF(A23<='Indicadores Financeiros'!$F$13,SUMIF('Relatório Custo'!$F:$F,"<="&$A23,'Relatório Custo'!$AB:$AB),0) -> 0
A24: =A23+1 -> 22 | B24: =IF(A24<='Indicadores Financeiros'!$F$13,SUMIF('Relatório Custo'!$F:$F,"<="&$A24,'Relatório Custo'!$W:$W),0) -> 0 | C24: =IF(A24<='Indicadores Financeiros'!$F$13,SUMIF('Relatório Custo'!$F:$F,"<="&$A24,'Relatório Custo'!$Z:$Z),0) -> 0 | D24: =IF(A24<='Indicadores Financeiros'!$F$13,SUMIF('Relatório Custo'!$F:$F,"<="&$A24,'Relatório Custo'!$AB:$AB),0) -> 0
A25: =A24+1 -> 23 | B25: =IF(A25<='Indicadores Financeiros'!$F$13,SUMIF('Relatório Custo'!$F:$F,"<="&$A25,'Relatório Custo'!$W:$W),0) -> 0 | C25: =IF(A25<='Indicadores Financeiros'!$F$13,SUMIF('Relatório Custo'!$F:$F,"<="&$A25,'Relatório Custo'!$Z:$Z),0) -> 0 | D25: =IF(A25<='Indicadores Financeiros'!$F$13,SUMIF('Relatório Custo'!$F:$F,"<="&$A25,'Relatório Custo'!$AB:$AB),0) -> 0
A26: =A25+1 -> 24 | B26: =IF(A26<='Indicadores Financeiros'!$F$13,SUMIF('Relatório Custo'!$F:$F,"<="&$A26,'Relatório Custo'!$W:$W),0) -> 0 | C26: =IF(A26<='Indicadores Financeiros'!$F$13,SUMIF('Relatório Custo'!$F:$F,"<="&$A26,'Relatório Custo'!$Z:$Z),0) -> 0 | D26: =IF(A26<='Indicadores Financeiros'!$F$13,SUMIF('Relatório Custo'!$F:$F,"<="&$A26,'Relatório Custo'!$AB:$AB),0) -> 0
A27: Total | B27: =SUM(B3:B26) -> 0 | C27: =SUM(C3:C26) -> 0 | D27: =SUM(D3:D26) -> 0
B28: =B27-'Relatório Custo'!$X$13 -> 0 | D28: =D3-'Relatório Custo'!AB13 -> 0

Sheet Resumo por Localidade
A1: PLANILHA DE FORMAÇÃO DE PREÇOS - PORTARIA
A2: Localidade
A3: Fórum Regional do Butantã
A4: Qtde Meses Contrato
A5: ='Indicadores Financeiros'!$F$13 -> 24
A7: Código da função | B7: 680019 | C7: 680020
A8: Descrição | B8: =IFERROR(VLOOKUP(B7,'Indicadores Financeiros'!$A$96:$J$97,2,FALSE),"-") -> Porteiro/Controlador de Acesso - com almocista (repositor) - 08 horas diárias - diurno - segunda a domingo | C8: =IFERROR(VLOOKUP(C7,'Indicadores Financeiros'!$A$96:$J$97,2,FALSE),"-") -> Porteiro/Controlador de Acesso - com almocista (repositor) - 44 horas semanais - diurno - segunda a sexta
A9: Unidade | B9: =IFERROR(VLOOKUP(B$7,'Indicadores Financeiros'!$A$96:$J$97,3,FALSE),"-") -> Posto/Dia | C9: =IFERROR(VLOOKUP(C$7,'Indicadores Financeiros'!$A$96:$J$97,3,FALSE),"-") -> Posto/Dia
A10: Quantidades de funcionários por posto | B10: =IFERROR(VLOOKUP(B$7,'Indicadores Financeiros'!$A$96:$J$97,6,FALSE),"-") -> 1.29 | C10: =IFERROR(VLOOKUP(C$7,'Indicadores Financeiros'!$A$96:$J$97,6,FALSE),"-") -> 1
A11: Dias estimados por mês | B11: ='Indicadores Financeiros'!J73 -> 29.03 | C11: ='Indicadores Financeiros'!J74 -> 20.75
A12: Dias estimados para o cálculo mensal do posto | B12: =SUMIFS('Relatório Custo'!$I:$I,'Relatório Custo'!$B:$B,'Resumo por Localidade'!$A$3,'Relatório Custo'!$C:$C,'Resumo por Localidade'!B$7) -> 0 | C12: =SUMIFS('Relatório Custo'!$I:$I,'Relatório Custo'!$B:$B,'Resumo por Localidade'!$A$3,'Relatório Custo'!$C:$C,'Resumo por Localidade'!C$7) -> 21
A13: QUANTIDADE DE POSTOS ou HORAS | B13: =SUMIFS('Relatório Custo'!$J:$J,'Relatório Custo'!$B:$B,'Resumo por Localidade'!$A$3,'Relatório Custo'!$C:$C,'Resumo por Localidade'!B$7) -> 0 | C13: =SUMIFS('Relatório Custo'!$J:$J,'Relatório Custo'!$B:$B,'Resumo por Localidade'!$A$3,'Relatório Custo'!$C:$C,'Resumo por Localidade'!C$7) -> 4
A14: Qtde total de dias x posto ou Qtde de Horas | B14: =SUMIFS('Relatório Custo'!$K:$K,'Relatório Custo'!$B:$B,'Resumo por Localidade'!$A$3,'Relatório Custo'!$C:$C,'Resumo por Localidade'!B$7) -> 0 | C14: =SUMIFS('Relatório Custo'!$K:$K,'Relatório Custo'!$B:$B,'Resumo por Localidade'!$A$3,'Relatório Custo'!$C:$C,'Resumo por Localidade'!C$7) -> 84
A15: Mês de início da vigência contratual | B15: =IF(B13>0,VLOOKUP($A$3,'Indicadores Financeiros'!$B$101:$J$210,9,FALSE),0) -> 0 | C15: =IF(C13>0,VLOOKUP($A$3,'Indicadores Financeiros'!$B$101:$J$210,9,FALSE),0) -> 1
A17: Mão de obra (remuneração) | B17: Valor Mensal | C17: Valor Mensal
A18: Salário base Mensal | B18: =IF(B13=0,0,'Indicadores Financeiros'!$J$82) -> 0 | C18: =IF(C13=0,0,'Indicadores Financeiros'!$J$82) -> 0
A19: Folguista | B19: =(B10-1)*B18 -> 0 | C19: =(C10-1)*C18 -> 0
A20: Subtotal | B20: =ROUND(SUM(B18:B19),2) -> 0 | C20: =ROUND(SUM(C18:C19),2) -> 0
A21: Encargos previdenciários e trabalhistas | B21: =IF(B13=0,0,'Indicadores Financeiros'!$J$62) -> 0 | C21: =IF(C13=0,0,'Indicadores Financeiros'!$J$62) -> 0.73041
A22: Subtotal | B22: =ROUND(B20*B21,2) -> 0 | C22: =ROUND(C20*C21,2) -> 0
A23: Total - remuneração + encargos | B23: =ROUND(B20+B22,2) -> 0 | C23: =ROUND(C20+C22,2) -> 0
A25: Benefícios - Convenção Coletiva da Categoria | B25: Valor Mensal | C25: Valor Mensal
A26: Assistência médica | B26: =IF($B$13=0,0,'Indicadores Financeiros'!$J$84) -> 0 | C26: =IF($C$13=0,0,'Indicadores Financeiros'!$J$84) -> 0
A27: Auxílio Creche | B27: =IF($B$13=0,0,'Indicadores Financeiros'!$J$85) -> 0 | C27: =IF($C$13=0,0,'Indicadores Financeiros'!$J$85) -> 0 | E27: =E26-E25 -> 0
A28: Cesta básica | B28: =IF($B$13=0,0,'Indicadores Financeiros'!$J$86) -> 0 | C28: =IF($C$13=0,0,'Indicadores Financeiros'!$J$86) -> 0
A29: Benefício Social Familiar | B29: =IF($B$13=0,0,'Indicadores Financeiros'!$J$87) -> 0 | C29: =IF($C$13=0,0,'Indicadores Financeiros'!$J$87) -> 0
A30: Dia do Trabalhador | B30: =IF($B$13=0,0,'Indicadores Financeiros'!$J$88) -> 0 | C30: =IF($C$13=0,0,'Indicadores Financeiros'!$J$88) -> 0
A31: NR nº 7 | B31: =IF($B$13=0,0,'Indicadores Financeiros'!$J$89) -> 0 | C31: =IF($C$13=0,0,'Indicadores Financeiros'!$J$89) -> 0
A32: ='Indicadores Financeiros'!$B$90 -> Outros (especificar) | B32: =IF($B$13=0,0,'Indicadores Financeiros'!$J$90) -> 0 | C32: =IF($C$13=0,0,'Indicadores Financeiros'!$J$90) -> 0
A33: Vale Refeição | B33: =IF($B$13=0,0,'Indicadores Financeiros'!$J$91)*B11 -> 0 | C33: =IF($C$13=0,0,'Indicadores Financeiros'!$J$91)*C11 -> 0
A34: Vale Transporte | B34: =IF($B$13=0,0,IF(ROUND((VLOOKUP($A$3,'Indicadores Financeiros'!$B$101:$J$109,8,FALSE)*B$11)-(B$18*6%),2)<=0,0,ROUND((VLOOKUP($A$3,'Indicadores Financeiros'!$B$101:$J$109,8,FALSE)*B$11)-(B$18*6%),2))) -> 0 | C34: =IF($C$13=0,0,IF(ROUND((VLOOKUP($A$3,'Indicadores Financeiros'!$B$101:$J$109,8,FALSE)*C$11)-(C$18*6%),2)<=0,0,ROUND((VLOOKUP($A$3,'Indicadores Financeiros'!$B$101:$J$109,8,FALSE)*C$11)-(C$18*6%),2))) -> 0
A35: Cesta Básica II | B35: =IF($B$13=0,0,'Indicadores Financeiros'!$J$92) -> 0 | C35: =IF($C$13=0,0,'Indicadores Financeiros'!$J$92) -> 0
A36: Subtotal | B36: =ROUND(SUM(B26:B35),2) -> 0 | C36: =ROUND(SUM(C26:C35),2) -> 0
A38: Materiais, cursos e uniformes | B38: Valor Mensal | C38: Valor Mensal
A39: Equipamentos Complementos e Uniformes | B39: =IF(B13=0,0,VLOOKUP(B$7,'Indicadores Financeiros'!$A$96:$J$97,9,FALSE)+VLOOKUP(B$7,'Indicadores Financeiros'!$A$96:$J$97,8,FALSE)) -> 0 | C39: =IF(C13=0,0,VLOOKUP(C$7,'Indicadores Financeiros'!$A$96:$J$97,9,FALSE)+VLOOKUP(C$7,'Indicadores Financeiros'!$A$96:$J$97,8,FALSE)) -> 0
A40: Subtotal | B40: =ROUND(SUM(B39:B39),2) -> 0 | C40: =ROUND(SUM(C39:C39),2) -> 0
A42: Valor total p/ funcionário s/ cobertura intrajornada | B42: =ROUND(IFERROR(B36+B22+B20+B40,"-"),2) -> 0 | C42: =ROUND(IFERROR(C36+C22+C20+C40,"-"),2) -> 0
A44: Cobertura do intervalo intrajornada | B44: =IF(B13=0,0,ROUND(VLOOKUP(B$7,'Indicadores Financeiros'!$A$96:$J$97,5,FALSE)*B$42,2)) -> 0 | C44: =IF(C13=0,0,ROUND(VLOOKUP(C$7,'Indicadores Financeiros'!$A$96:$J$97,5,FALSE)*C$42,2)) -> 0
A46: Valor total do posto sem BDI | B46: =ROUND(IFERROR(B23+(B36+B40)*B10+B44,"-"),2) -> 0 | C46: =ROUND(IFERROR(C23+(C36+C40)*C10+C44,"-"),2) -> 0
A48: Benefício e Despesas Indiretas (BDI) | B48: =IF(B13=0,0,VLOOKUP($A$3,'Indicadores Financeiros'!$B$101:$J$210,7,FALSE)) -> 0 | C48: =IF(C13=0,0,VLOOKUP($A$3,'Indicadores Financeiros'!$B$101:$J$210,7,FALSE)) -> 0.0204
A50: Valor total do posto com BDI | B50: =ROUND(B46*(1+B48),2) -> 0 | C50: =ROUND(C46*(1+C48),2) -> 0
A52: Valor total posto/dia com BDI | B52: =ROUND(ROUND(B46/B11,2)*(1+B48),2) -> 0 | C52: =ROUND(ROUND(C46/C11,2)*(1+C48),2) -> 0
A54: Valor Total Mensal | B54: =ROUND(B$52*B$14,2) -> 0 | C54: =ROUND(C$52*C$14,2) -> 0
A56: Valor Total do Contrato | B56: =ROUND(B$54*($A$5-B$15+1),2) -> 0 | C56: =ROUND(C$54*($A$5-C$15+1),2) -> 0
A58: Valor Mensal a Contigenciar (Resol. 651/2025) | B58: =IF(B9="Posto/dia",ROUND(B$18*B13*B10*'Indicadores Financeiros'!$J$70,2),0) -> 0 | C58: =IF(C9="Posto/dia",ROUND(C$18*C13*C10*'Indicadores Financeiros'!$J$70,2),0) -> 0
A60: Desconto de atraso por minuto | B60: =IF(B$9="Posto/Dia",ROUND(B$52/IF(OR(B$7=680019),540,600),2),0) -> 0 | C60: =IF(C$9="Posto/Dia",ROUND(C$52/IF(OR(C$7=680019),540,600),2),0) -> 0

Sheet Dúvidas
E3: TRIBUNAL DE JUSTIÇA DE SÃO PAULO
E4: Secretaria de Administração e Abastecimento
C6: Dúvidas frequentes
C8: 1. A planilha fornecida é de uso obrigatório?
C9: O uso da planilha disponibilizada no edital é orientativa e de uso opcional, no entanto, a licitante deverá apresentar o cálculo quando solicitado pelo/pela pregoeiro/pregoeira.
C12: 2. Qual é a alíquota de ISS considerada?
C13: A licitante deverá validar e inserir a informação das alíquotas de cada localidade de acordo com a legislação municipal em vigor.
C15: 3. Qual tarifa de transporte público deve ser considerada?
C16: A empresa deverá estimar o vale-transporte seguindo a realidade de seus custos, de acordo com os normativos vigentes e da sua gestão de recursos humanos. Para fins estimativos da contratação, adotou-se o valor unitário da passagem na cidade de São Paulo de R$ 5,82 multiplicado por 2 (ida e volta).

Sheet Tabelas Estudo
O1: Parâmetros de cálculo | Q1: 2024 | R1: 2023
B2: IPC FIPE (01/03/2023 a 29/02/2024) | G2: Posto 8h (2ª a dom): trabalha 6 dias na semana (6 x 7,33) | O2: Quantidade de dias no ano | Q2: 366 | R2: 365.25
B3: Geral | C3: 0.0301 | O3: Quantidade de dias por mês | Q3: =Q2/12 -> 30.5 | R3: =R2/12 -> 30.4375
B4: Vestuário | C4: 0.0361 | O4: Total de feriados no ano corrente | Q4: 17 | R4: 17
B5: Saúde | C5: 0.0858 | O5: Média de feriados por mês | Q5: =Q4/12 -> 1.4166667 | R5: =R4/12 -> 1.4166667
O6: Dias Efetivamente Trabalhados/Mês do Posto | P6: Posto 8h (2ª a dom) | Q6: =Q3-Q5 -> 29.083333 | R6: =R3-R5 -> 29.020833
B7: 1. Tabela de Valores Referenciais – março 2024 | P7: Posto 44h (2ª a 6ª) | Q7: 21 | R7: 20.68
B8: Código | C8: Descrição | D8: Unidade | E8: Periodicidade | F8: Valor Unitário | O8: Dias Efetivamente Trabalhados / Mês por funcionário - Posto 8h seg a dom | Q8: =Q7+4 -> 25 | R8: 24.68
B9: 680019 | C9: Porteiro/Controlador de Acesso - com almocista (repositor) - 08 horas diárias - diurno - segunda a domingo | D9: Posto/Dia | E9: Mensal | F9: ='Relatório Custo'!V3 -> 0
B10: 680020 | C10: Porteiro/Controlador de Acesso - com almocista (repositor) - 44 horas semanais - diurno - segunda a sexta | D10: Posto/Dia | E10: Mensal | F10: ='Relatório Custo'!#REF! -> #REF! | O10: Parâmetros de cálculo | Q10: 2024 | R10: 2023 CADTERC
O11: Dias Efetivamente Trabalhados/Mês do Posto | P11: Posto 8h (2ª a dom) | Q11: 29.083333 | R11: 29.03
B12: 4. Folguista | P12: Posto 44h (2ª a 6ª) | Q12: 21 | R12: 20.68
B13: Folguista | O13: Dias Efetivamente Trabalhados / Mês por funcionário - Posto 8h seg a dom | Q13: 25 | R13: 24.68
B14: Posto | C14: Qtde Horas / Dia do Posto | D14: Qtde Dias Efetivamente Trabalhados / Mês do Posto | E14: Carga Horária Mensal do Posto | F14: Qtde Horas Efetivamente Trabalhadas / Dia por Funcionário | G14: Qtde Dias Efetivamente Trabalhados / Mês por funcionário | H14: Carga Horária Efetivamente Trabalhada / Mês por Funcionário | I14: Qtde Porteiros por posto | J14: Qtde de Folguista do Posto | O14: Para o presente estudo, a quantidade de dias úteis estimados por mês foi de 21 (vinte e um) dias/mês para as funções que exercem trabalho de segunda-feira a sexta-feira. Conforme CADTERC, para o posto de 8 horas diárias segunda a domingo a quantidade de dias adotada foi de 29,03 dias por mês. A quantidade de dias úteis por funcionário desta função é de 24,68 dias por mês.
B15: 44 horas semanais (2ª a 6ª feira) | C15: 8.8 | D15: 21 | E15: =D15*C15 -> 184.8 | F15: 8.8 | G15: 21 | H15: =G15*F15 -> 184.8 | I15: 1 | J15: 0
B16: 8 horas diárias – diurno (2ª feira a domingo) | C16: 8 | D16: 29.03 | E16: 232.17 | F16: 7.33 | G16: 24.68 | H16: 180.99 | I16: 1 | J16: 0.29 | N16: '
B18: 5. Cobertura Intrajornada
B19: Custo mensal do intervalo para alimentação e repouso (intrajornada) por posto de trabalho
B20: Posto | C20: Jornada | D20: Nº empregados do posto de trabalho | E20: Carga horária efetivamente trabalhada | F20: Dias Efetivamente Trabalhados por mês por Funcionário | G20: Remuneração + Benefícios + Insumos + Encargos | H20: Valor cobertura intrajornada
B21: 44 horas semanais | C21: 2ª a 6ª feira | D21: 1 | E21: =8.8*21 -> 184.8 | F21: 21 | G21: ='Relatório Custo'!#REF!+'Relatório Custo'!#REF!+'Relatório Custo'!#REF!+'Relatório Custo'!#REF!+'Relatório Custo'!#REF! -> #REF! | H21: ='Relatório Custo'!#REF! -> #REF!
B23: 8 horas diárias – diurno | C23: 2ª feira a domingo | D23: 1.29 | E23: 180.99 | F23: 24.68 | G23: ='Relatório Custo'!L3+'Relatório Custo'!M3+'Relatório Custo'!N3+'Relatório Custo'!O3+'Relatório Custo'!P3 -> 0 | H23: ='Relatório Custo'!Q3 -> 0
B27: 7. Remuneração* (Salário + Adicionais)
B28: Remuneração - Salário Base + Adicionais- R$
B29: Código | C29: Função | D29: Salário | E29: Folguista
B30: 680019 | C30: Porteiro/Controlador de Acesso - com almocista (repositor) - 08 horas diárias - diurno - segunda a domingo | D30: 1871.41 | E30: ='Relatório Custo'!$M$3 -> 0
B31: 680020 | C31: Porteiro/Controlador de Acesso - com almocista (repositor) - 44 horas semanais - diurno - segunda a sexta | D31: 1871.41 | E31: -
B33: 9.1 Vale Refeição
B34: Valor Vale Refeição - R$
B35: Função | C35: Valor Diário | D35: Desconto | E35: Valor Diário Final | F35: Dias Úteis por Mês | G35: Total Valor VR
B36: Porteiro/Controlador de Acesso - com almocista (repositor) - 08 horas diárias - diurno - segunda a domingo | C36: 19.77 | D36: 1.32 | E36: =C36-D36 -> 18.45 | F36: =$R$8 -> 24.68 | G36: =F36*E36 -> 455.346
B37: Porteiro/Controlador de Acesso - com almocista (repositor) - 44 horas semanais - diurno - segunda a sexta | C37: 19.77 | D37: 1.32 | E37: =C37-D37 -> 18.45 | F37: =$Q$7 -> 21 | G37: =F37*E37 -> 387.45
B39: 9.2 Vale Transporte
B40: Valor Vale Transporte - R$
B41: Período | C41: Valor da Passagem Unitária | D41: Quantidade/Dia | E41: Dias Úteis por Mês | F41: Valor Bruto Vale Transporte*
B42: Segunda a Sexta | C42: 4.83 | D42: 2 | E42: =$Q$7 -> 21 | F42: =C42*D42*E42 -> 202.86
B43: Segunda a Domingo | C43: 4.83 | D43: 2 | E43: =$R$8 -> 24.68 | F43: =C43*D43*E43 -> 238.4088
B45: 9.1 Norma Regulamentadora Nº 07
C47: NR7 Cadterc | D47: 7.69
C48: NR7 FIPE IPCE Saúde | D48: =D47*(1+$C$5) -> 8.349802
B51: 9.8 Uniformes, Equipamentos e Complementos
B52: 2024 | K52: 2023
B53: Porteiro - R$ | K53: Porteiro - R$
B54: Composição | C54: Tipo | D54: Qtde | E54: Valor Unit | F54: Valor Total | G54: Vida útil (meses) | H54: Valor Mensal | I54: Valor Unit CADTERC | K54: Composição | L54: Tipo | M54: Qtde | N54: Valor Unit | O54: Valor Total | P54: Vida útil (meses) | Q54: Valor Mensal
B55: Calça | C55: Uniforme | D55: 2 | E55: =I55*(1+$C$4) -> 50.727456 | F55: =E55*D55 -> 101.45491 | G55: 12 | H55: =F55/G55 -> 8.454576 | I55: 48.96 | K55: Calça | L55: Uniforme | M55: 2 | N55: 48.96 | O55: =N55*M55 -> 97.92 | P55: 12 | Q55: 8.16 | R55: =O55/P55 -> 8.16
B56: Camisa Manga Longa | C56: Uniforme | D56: 2 | E56: =I56*(1+$C$4) -> 127.16055 | F56: =E56*D56 -> 254.32111 | G56: 12 | H56: =F56/G56 -> 21.193426 | I56: 122.73 | K56: Camisa Manga Longa | L56: Uniforme | M56: 2 | N56: 122.73 | O56: =N56*M56 -> 245.46 | P56: 12 | Q56: 20.46 | R56: =O56/P56 -> 20.455
B57: Camisa Manga Curta | C57: Uniforme | D57: 2 | E57: =I57*(1+$C$4) -> 105.69256 | F57: =E57*D57 -> 211.38512 | G57: 12 | H57: =F57/G57 -> 17.615427 | I57: 102.01 | K57: Camisa Manga Curta | L57: Uniforme | M57: 2 | N57: 102.01 | O57: =N57*M57 -> 204.02 | P57: 12 | Q57: 17 | R57: =O57/P57 -> 17.001667
B58: Sapatos | C58: Uniforme | D58: 2 | E58: =I58*(1+$C$4) -> 82.546087 | F58: =E58*D58 -> 165.09217 | G58: 12 | H58: =F58/G58 -> 13.757681 | I58: 79.67 | K58: Sapatos | L58: Uniforme | M58: 1 | N58: 79.67 | O58: 159.34 | P58: 12 | Q58: 13.28 | R58: =O58/P58 -> 13.278333
B59: Meia | C59: Uniforme | D59: 4 | E59: =I59*(1+$C$4) -> 7.470281 | F59: =E59*D59 -> 29.881124 | G59: 12 | H59: =F59/G59 -> 2.4900937 | I59: 7.21 | K59: Meia | L59: Uniforme | M59: 2 | N59: 7.21 | O59: 21.63 | P59: 12 | Q59: 1.8 | R59: =O59/P59 -> 1.8025
B60: Cinto | C60: Uniforme | D60: 2 | E60: =I60*(1+$C$4) -> 14.660815 | F60: =E60*D60 -> 29.32163 | G60: 24 | H60: =F60/G60 -> 1.2217346 | I60: 14.15 | K60: Cinto | L60: Uniforme | M60: 1 | N60: 14.15 | O60: 14.15 | P60: 24 | Q60: 0.59 | R60: =O60/P60 -> 0.58958333
B61: Jaqueta | C61: Uniforme | D61: 2 | E61: =I61*(1+$C$4) -> 98.284446 | F61: =E61*D61 -> 196.56889 | G61: 24 | H61: =F61/G61 -> 8.1903705 | I61: 94.86 | K61: Jaqueta | L61: Uniforme | M61: 1 | N61: 98.86 | O61: 98.86 | P61: 24 | Q61: 4.12 | R61: =O61/P61 -> 4.1191667
B62: Crachá | C62: Uniforme | D62: 1 | E62: =I62*(1+$C$3) -> 5.902473 | F62: =E62*D62 -> 5.902473 | G62: 12 | H62: =F62/G62 -> 0.49187275 | I62: 5.73 | K62: Crachá | L62: Uniforme | M62: 1 | N62: 5.73 | O62: 5.73 | P62: 12 | Q62: 0.48 | R62: =O62/P62 -> 0.4775
B63: Rádio Transceptores | C63: Equipamento | D63: 1 | E63: =I63*(1+$C$3) -> 90.628198 | F63: =E63*D63 -> 90.628198 | G63: 30 | H63: =F63/G63 -> 3.0209399 | I63: 87.98 | K63: Rádio Transceptores | L63: Equipamento | M63: 1 | N63: 87.98 | O63: 87.98 | P63: 30 | Q63: 2.93 | R63: =O63/P63 -> 2.9326667
B64: Fones Auriculares | C64: Equipamento | D64: 1 | E64: =I64*(1+$C$3) -> 20.602 | F64: =E64*D64 -> 20.602 | G64: 24 | H64: =F64/G64 -> 0.85841667 | I64: 20 | K64: Fones Auriculares | L64: Equipamento | M64: 1 | N64: 20 | O64: 20 | P64: 24 | Q64: 0.83 | R64: =O64/P64 -> 0.83333333
B65: VALOR MENSAL | H65: =SUM(H55:H64) -> 77.294538 | K65: VALOR MENSAL | Q65: 65.88
B85: 9.9 Dia do Trabalhador
C86: 2024 | D86: 2023
B87: Vale refeição | C87: 19.77 | D87: 19.01
B88: Parte do Empregado | C88: 1.32 | D88: 1.27
B89: Valor diário | C89: =C87-C88 -> 18.45 | D89: =D87-D88 -> 17.74
B90: Dia do Trabalhador | C90: =C87/12 -> 1.6475 | D90: =D87/12 -> 1.5841667
B93: Auxílio Creche (Indicadores Financeiros)
B95: Cadterc
B96: Proporção de mulheres na categoria profissional em Análise | C96: 0.377341 | E96: Percentual de participação por gênero feminino na CNAE (RAIS 2018) multiplicado pelo percentual de mães em potencial (18 a 49 anos na CNAE – RAIS 2018) multiplicado pelo percentual de fecundidade multiplicado pelo tempo de recebimento do benefício, que é o tempo de permanência do empregado na empresa, se esse for inferior ao tempo de concessão estipulado em convenção coletiva. Caso o tempo de permanência seja maior que o tempo estipulado, prevalece o tempo definido em convenção. O resultado é dividido pelo tempo de permanência do funcionário na empresa.
B97: Proporção de mulheres aptas a procriar (idade entre 18 e 49 anos) na categoria profissional em análise | C97: 0.792648
B98: Percentual de fecundidade | C98: 0.055714
B99: Tempo de permanência do funcionário no emprego, em meses | C99: 17.7595
C100: =(C96*C97*C98*24)/C99 -> 0.022519524
B101: Salário mínimo
B102: 1302 | C102: 13.43 | E102: =0.3*B102 -> 390.6 | F102: =C102/E102 -> 0.034383001
B103: 1412 | C103: =(B103*C102)/B102 -> 14.564639
B106: 1. Desconto por falta sem reposição e desconto por atraso
B107: Código | C107: Descrição | D107: Desconto Falta sem Reposição
B109: 680019 | C109: Porteiro/Controlador de Acesso - com almocista (repositor) - 08 horas diárias - diurno - segunda a domingo | D109: ='Relatório Custo'!V3 -> 0
B110: 680020 | C110: Porteiro/Controlador de Acesso - com almocista (repositor) - 44 horas semanais - diurno - segunda a sexta | D110: ='Relatório Custo'!#REF! -> #REF!
I111: TR 2024/00022179
B113: Código | C113: Descrição | D113: Valor do Posto/Dia | E113: Quantida de Minutos/Dia | F113: Valor do Desconto por Atraso por minuto
B114: 680019 | C114: Porteiro/Controlador de Acesso - com almocista (repositor) - 08 horas diárias - diurno - segunda a domingo | D114: ='Relatório Custo'!V3 -> 0 | E114: 540 | F114: =D114/E114 -> 0
B115: 680020 | C115: Porteiro/Controlador de Acesso - com almocista (repositor) - 44 horas semanais - diurno - segunda a sexta | D115: ='Relatório Custo'!#REF! -> #REF! | E115: 600 | F115: =D115/E115 -> #REF!
